 Dungeon Crawl Stone Soup version 0.30-b1-2-g02819fbbbe (webtiles) character file.

Game seed: 11674349943879860381

21 sanka the Chopper (level 3, -1/30 HPs)
             Began as a Djinni Berserker on May 9, 2023.
             Was a Follower of Trog.
             Slain by a quokka (4 damage)
             ... on level 2 of the Dungeon.
             The game lasted 00:01:03 (707 turns).

sanka the Chopper (Djinni Berserker)                 Turns: 707, Time: 00:01:04

Health: -1/30      AC:  2    Str: 18    XL:     3   Next: 2%
Gold:   54         EV: 12    Int:  8    God:    Trog [*.....] SH:  0 Dex: 12

rFire   + + .        a - +0 hand axe
rCold   x . .        (no shield)
rNeg    . . .        b - +0 animal skin
rPois   ∞            (no helmet)
rElec   .            (no cloak)
rCorr   .            (no gloves)
SInv    .            (boots unavailable)
Will    .....        (no amulet)
Stlth   +            (no ring)
HPRegen 0.25/turn    (no ring)
MPRegen 0.00/turn

%: infuse magic (-2 HP)
@: brilliant, flying
A: sickness immunity, fire resistance 2, cold vulnerability 1, float, innate
caster, HP casting, extra vitality 1
a: Renounce Religion, Berserk


You were on level 2 of the Dungeon.
You worshipped Trog.
Trog was aware of your devotion.
You visited 1 branch of the dungeon, and saw 2 of its levels.

You collected 54 gold pieces.

Inventory:

Hand Weapons
 a - a +0 hand axe (weapon)
Armour
 b - a +0 animal skin (worn)
Scrolls
 d - a scroll of teleportation {unknown}
 f - a scroll of brand weapon {unknown}
 h - a scroll of identify {unknown}
 i - 2 scrolls of noise {unknown}
Potions
 c - a potion of brilliance
 g - a potion of might {unknown}
 j - a potion of heal wounds {unknown}


   Skills:
 - Level 3.0 Fighting
 + Level 3.3 Axes
 - Level 2.0 Armour
 - Level 2.1 Dodging


You knew the following spells:

 Your Spells              Type           Power      Damage    Failure   Level
a - Foxfire               Conj/Fire      0%         2x1d4     41%         1
Your spell library was empty.

Dungeon Overview and Level Annotations

Branches:
Dungeon (2/15)

Altars:


Innate Abilities, Weirdness & Mutations

You are immune to sickness and miasma.
You are immune to poison.
Your flesh is very heat resistant. (rF++)
You are vulnerable to cold. (rC-)
You float through the air rather than walking.
You learn spells naturally, not from books.
Your magical power is your life essence.
You have superior vitality. (+4 MHP)


Message History

The giant cockroach closely misses you.
The giant cockroach waves its antennae.
The giant cockroach attacks as you move away!
The giant cockroach bites you.
* * * LOW HITPOINT WARNING * * *
You are too injured to fight recklessly!
You are too injured to fight recklessly!
You completely miss the giant cockroach.
The giant cockroach bites you.
* * * LOW HITPOINT WARNING * * *
The giant cockroach misses you.
You hit the giant cockroach.
You kill the giant cockroach!
Trog accepts your kill.
You have reached level 3!
Your experience leads to an increase in your attributes!
Increase (S)trength, (I)ntelligence, or (D)exterity?
You feel stronger. x2
The power to cast Foxfire wells up from within.
Spell assigned to 'a'.
Unknown command.
You closely miss the quokka. The quokka misses you.
The quokka completely misses you.
You hit the quokka but do no damage. The quokka misses you.
You barely miss the quokka. The quokka barely misses you.
The quokka completely misses you.
You see here a hobgoblin corpse.
It was a potion of brilliance.
You feel clever all of a sudden. The endoplasm completely misses you.
The quokka barely misses you.
It was a potion of curing.
You feel better. The endoplasm hits you. The quokka barely misses you.
You hit the endoplasm.
The endoplasm is heavily wounded.
You completely miss the quokka. The endoplasm freezes you.
You are frozen!
You feel a terrible chill!
* * * LOW HITPOINT WARNING * * *
The quokka bites you.
You die...

######J.....#...# ......
............#...###......#
............#..............
............#.............#
..........###............. ##..
........................####....
...........#.............)......
...........#†.r..........# #....
.............gJ@.........# #....
..........###............# #.##.
....###### #............# #.##.
### #............# #.##.
#........#...# #....
#........#.#####..#.
##########.#........ #.#.######.
#.#.<#.....


You could see an endoplasm, a quokka and a goblin.

Vanquished Creatures
  A dart slug (D:2)
  An endoplasm (D:1)
  A giant cockroach (D:2)
  A goblin (D:1)
  2 hobgoblins
  4 jackals (D:1)
  A ball python (D:1)
  2 bats (D:1)
  A frilled lizard (D:1)
  3 kobolds
  A rat (D:1)
18 creatures vanquished.

Notes
Turn   | Place    | Note
-------+----------+-------------------------------------------
     0 | D:1      | sanka the Djinni Berserker began the quest for the Orb.
     0 | D:1      | Reached XP level 1. HP: 20/20 MP: 0/0
     3 | D:1      | Noticed an electric eel
     4 | D:1      | Noticed an electric eel
   209 | D:1      | Reached XP level 2. HP: 12/25 MP: 0/0
   698 | D:2      | Reached XP level 3. HP: 2/30 MP: 0/0
   698 | D:2      | Learned a level 1 spell: Foxfire
   707 | D:2      | Slain by a quokka

Illustrated notes

Levels and vault maps discovered:
D:1:      arrival_aquarium_b, layout_rooms
D:2:      layout_basic, serial_shops, nicolae_shop_pleasant_corner_grove,
          chequers_serial_rivers_small_a, uniq_terence, uniq_jessica,
          uniq_sigmund

Skill      XL: |  1  2 |
---------------+-------+-----
Axes           | 3 |  3.3
Fighting       | |  3.0
Armour         | |  2.0
Dodging        | |  2.1

Action                     || total
---------------------------++-------
  Melee: Hand axe          ||    45
         Punch             ||     1
    Use: Potion            ||     2
 Armour: Animal skin       ||     7
  Dodge: Dodged            ||    49
